 Dungeon Crawl Stone Soup version 0.19.5 (webtiles) character file.

124461 Ponchio the Fighter (level 16, 0/107 HPs)
             Began as a Gargoyle Fighter on Apr 18, 2017.
             Was the Champion of Qazlal.
             Killed from afar by a shock serpent (5 damage)
             ... with an electric aura
             ... on level 3 of the Snake Pit.
             The game lasted 02:14:27 (24165 turns).

Ponchio the Fighter (Gargoyle Fighter)             Turns: 24165, Time: 02:14:28

Health: 0/107      AC: 27    Str: 19    XL:     16   Next: 93%
Magic:  0/22       EV: 27    Int:  8    God:    Qazlal [******]
Gold:   802        SH: 22    Dex: 24    Spells: 1 memorised, 21 levels left

rFire  + + .     SeeInvis .     H - +1 long sword (vamp)
rCold  . . .     Gourm    .     M - +1 leather armour of Depression {+Inv MR++ rCorr Int-4}
rNeg   + + .     Faith    .     c - +1 shield
rPois  ∞         Spirit   +     h - +0 helmet
rElec  +         Reflect  .     O - +1 cloak {MR+}
rCorr  +         Harm     .     P - +2 pair of gloves "Hagetosk" {*Corrode rElec rF+ Dex+5}
MR     +++++                    i - +1 pair of boots
Stlth  +.........               S - amulet of guardian spirit
                                m - +5 ring of protection
                                Y - ring of positive energy

@: agile, protected from fire, corroded, flying, repel missiles
A: big wings, magic resistance 1, negative energy resistance 1, electricity
resistance, wild magic 1, unbreathing, petrification resistance, rot immunity,
AC +11
a: Stop Flying, Upheaval, Elemental Force, Disaster Area, Renounce Religion,
Evoke Invisibility


You were on level 3 of the Snake Pit.
You worshipped Qazlal.
Qazlal was exalted by your worship.
You were not hungry.

You visited 6 branches of the dungeon, and saw 22 of its levels.
You also visited: Ossuary and Ice Cave.

You collected 2281 gold pieces.
You spent 1479 gold pieces at shops.

Inventory:

Hand Weapons
 l - a +3 whip of electrocution
 H - a +1 vampiric long sword (weapon)
Armour
 c - a +1 shield (worn)
 h - a +0 helmet (worn)
 i - a +1 pair of boots (worn)
 p - the +0 cloak "Heog" {rCorr Str+2 Int+4}
   (You bought it in a shop on level 2 of the Orcish Mines)

   It affects your strength (+2).
   It affects your intelligence (+4).
   It protects you from acid and corrosion.
 q - the +4 scale mail of Ites {MR++ Dex+4 SInv}
   (You bought it in a shop on level 2 of the Orcish Mines)

   It affects your dexterity (+4).
   It affects your resistance to hostile enchantments.
   It lets you see invisible.
 r - the +0 ring mail of Perfidy {rC+}
   (You bought it in a shop on level 1 of the Orcish Mines)

   It protects you from cold.
 M - the +1 leather armour of Depression (worn) {+Inv MR++ rCorr Int-4}
   (You bought it in a shop on level 1 of the Orcish Mines)

   It affects your intelligence (-4).
   It affects your resistance to hostile enchantments.
   It lets you turn invisible.
   It protects you from acid and corrosion.
 O - a +1 cloak of magic resistance (worn)
 P - the +2 pair of gloves "Hagetosk" (worn) {*Corrode rElec rF+ Dex+5}
   (You bought it in a shop on level 2 of the Orcish Mines)

   It affects your dexterity (+5).
   It protects you from fire.
   It insulates you from electricity.
   It may corrode you when you take damage.
 T - the +1 ring mail "Mynukoac" {Str+3 Dex+3}
   (You found it on level 2 of the Lair of Beasts)

   It affects your strength (+3).
   It affects your dexterity (+3).
Jewellery
 a - an uncursed ring of protection from cold
 m - a +5 ring of protection (right hand)
 w - an uncursed ring of magical power
 x - an uncursed amulet of harm
 R - an uncursed ring of stealth
 S - an amulet of guardian spirit (around neck)
 Y - a ring of positive energy (left hand)
 Z - an uncursed ring of protection from cold
Wands
 g - a wand of paralysis (10/24)
 j - a wand of digging (6/24)
 y - a wand of iceblast (0/15)
 J - a wand of teleportation (6/9)
 W - a wand of iceblast (12/15)
Scrolls
 b - a scroll of summoning
 e - 5 scrolls of teleportation
 t - 8 scrolls of remove curse
 C - 8 scrolls of identify
 D - 2 scrolls of recharging
 F - 3 scrolls of fear
 U - a scroll of magic mapping
Potions
 d - 4 potions of might
 n - 2 potions of magic
 v - 5 potions of agility
 z - a potion of resistance
 B - a potion of invisibility
 G - a potion of ambrosia
 L - a potion of cancellation
Books
 k - a book of Maledictions

   Spells                             Type                      Level
   a - Corona                         Hexes                        1
   b - Ensorcelled Hibernation        Hexes/Ice                    2
   c - Confuse                        Hexes                        3
   d - Tukima's Dance                 Hexes                        3
   e - Dazzling Spray                 Conjuration/Hexes            3
 o - a book of Party Tricks

   Spells                             Type                      Level
   a - Summon Butterflies             Summoning                    1
   b - Apportation                    Translocation                1
   c - Lesser Beckoning               Translocation                3
   d - Tukima's Dance                 Hexes                        3
   e - Alistair's Intoxication        Transmutation/Poison         5
   f - Invisibility                   Hexes                        6
 A - a book of Minor Magic

   Spells                             Type                      Level
   a - Magic Dart                     Conjuration                  1
   b - Blink                          Translocation                2
   c - Call Imp                       Summoning                    2
   d - Repel Missiles                 Charms/Air                   2
   e - Slow                           Hexes                        2
   f - Conjure Flame                  Conjuration/Fire             3
   g - Mephitic Cloud                 Conjuration/Poison/Air       3
Miscellaneous
 E - a lamp of fire
 N - a fan of gales
 Q - a phial of floods
 X - a disc of storms
Comestibles
 f - 9 bread rations
 s - 10 fruits
 u - 4 meat rations
 I - 11 royal jellies


   Skills:
 + Level 14.6 Fighting
 + Level 11.8 Long Blades
 - Level 12.9 Maces & Flails
 - Level 9.3 Armour
 + Level 11.5 Dodging
 + Level 11.8 Shields
 - Level 4.5 Spellcasting
 - Level 2.9 Charms
 - Level 2.6 Necromancy


You had 21 spell levels left.
You knew the following spells:

 Your Spells              Type           Power        Failure   Level  Hunger
a - Regeneration          Chrm/Necr      #.........   65%         3    ###....


Dungeon Overview and Level Annotations

Branches:
Dungeon (9/15)             Temple (1/1) D:5            Lair (6/6) D:9
 Shoals (0/4) Lair:2        Snake (3/4) Lair:4        Slime (0/5) Lair:6
    Orc (2/2) D:9             Elf (1/3) Orc:2

Altars:
Ashenzari
Cheibriados
Dithmenos
Elyvilon
Fedhas
Gozag
Hepliaklqana
Kikubaaqudgha
Makhleb
Nemelex Xobeh
Okawaru
Qazlal
Ru
Sif Muna
Trog
Uskayaw
Vehumet
Xom
Yredelemnul
Zin
The Shining One
Beogh

Shops:
D:7 *   Orc:1 [   Orc:2 *[(*

Annotations:
Snake:3 Aizul, Azrael, Jorgrun


Innate Abilities, Weirdness & Mutations

You are resistant to torment.
Your stone body is resilient. (AC +11)
You are immune to poison.
Your large and strong wings let you fly indefinitely.
You resist negative energy. (rN+)
You are resistant to electric shocks. (rElec)
You can survive without breathing.
You are immune to petrification.
You are immune to rotting.
You are resistant to hostile enchantments. (MR+)
Your spells are a little harder to cast, but a little more powerful.


Message History

Found a stone staircase leading down.
A black mamba and a shock serpent come into view.
You hear a grinding noise.
You barely miss the shock serpent.
The shock serpent bites you but does no damage.
You block the shock serpent's attack.
A naga and Jorgrun come into view.
Jorgrun is wielding a staff of earth.
You hit the shock serpent.
You feel better.
The shock serpent is lightly wounded.
The shock serpent's electric aura discharges, shocking you!
* * * LOW HITPOINT WARNING * * *
You block the shock serpent's attack.
All of the chunks of flesh in your inventory have rotted away.
You closely miss the shock serpent.
The shock serpent is lightly wounded.
You block the shock serpent's attack. You block the black mamba's attack.
You hit the shock serpent.
You feel better.
The shock serpent is lightly wounded.
The shock serpent's electric aura discharges, shocking you!
You die...

#.(.#..#
#..g.N.#
###......##
.........#
#.......####
#§.........
#.S........
#@S§..)....
####..#####
...# ..S..
.......
.......
..(....
>......


You could see Jorgrun, a shock serpent, a black mamba and a naga.

Vanquished Creatures
  Vashnia (Snake:2)
  Gastronok (Lair:2)
  A frost giant (IceCv)
  2 orc warlords
  A deep elf annihilator (Elf:1)
  A deep elf death mage (Elf:1)
  Snorg (Lair:4)
  6 naga warriors
  5 hydras
  Erica (D:9)
  7 anacondas
  5 dancing weapons (Elf:1)
  6 death yaks (Lair:4)
  11 naga sharpshooters
  3 orc high priests (Orc:2)
  2 shock serpents (Snake:2)
  2 deep elf knights (Elf:1)
  A sea snake (Snake:1)
  4 deep elf archers (Elf:1)
  A naga ritualist (Snake:2)
  The ghost of dittoslash the Skirmisher, a novice GrMo of Fedhas (D:7)
  A lindwurm (Lair:2)
  2 oklob plants
  3 orc sorcerers
  6 mana vipers
  15 deep elf magi (Elf:1)
  11 elephants
  A manticore (Lair:6)
  A salamander (Snake:2)
  A siren (Lair:2)
  19 black mambas
  7 naga magi
  An ice statue (IceCv)
  Psyche (D:8)
  The ghost of Peloso the Shield-Bearer, a novice MiFi (D:5)
  Joseph (D:9)
  11 spiny frogs
  8 komodo dragons
  11 rime drakes
  A queen bee (Lair:2)
  17 polar bears
  4 trolls
  A two-headed ogre (Orc:1)
  5 hornets
  16 hippogriffs
  17 dream sheep
  9 blink frogs
  A redback (Lair:5)
  7 wyverns
  Eustachio (D:5)
  12 spriggans (Lair:6)
  A fire elemental (Snake:3)
  6 basilisks
  69 yaks
  A steam dragon (Lair:2)
  2 wargs
  14 nagas
  12 water moccasins
  Menkaure (Ossuary)
  A hell hound (Lair:5)
  A soldier ant (D:8)
  8 porcupines
  A sky beast (D:9)
  A necrophage (D:8)
  2 ice beasts (D:9)
  30 orc warriors
  3 phantoms
  9 ogres
  3 black bears
  2 boggarts (Lair:6)
  56 wolves
  14 crocodiles
  2 centaurs
  2 big kobolds
  8 bullfrogs
  A gnoll sergeant (D:9)
  4 scorpions
  26 killer bees
  A howler monkey (D:5)
  An electric eel (D:9)
  A centaur zombie (D:6)
  7 crimson imps
  A bullfrog zombie (D:9)
  3 bullfrog skeletons
  4 hounds
  A jelly (D:8)
  23 orc priests
  32 orc wizards
  2 centaur skeletons
  Crazy Yiuf (D:4)
  A hell rat (Lair:2)
  7 iguanas
  3 worker ants
  A hound zombie (D:6)
  2 hound skeletons
  3 mummies (Ossuary)
  A worker ant zombie (D:9)
  4 gnolls (D:9)
  9 adders
  5 shadow imps
  11 white imps (Lair:4)
  An adder skeleton (D:7)
  5 worms
  2 dart slugs (D:2)
  3 leopard geckos
  108 orcs
  4 giant cockroaches
  3 gnoll zombies (Ossuary)
  3 goblins
  3 hobgoblins
  13 jackals
  3 quokkas
  3 ball pythons
  6 bats
  4 frilled lizards
  5 gnoll skeletons (Ossuary)
  A goblin skeleton (Ossuary)
  3 goblin zombies (Ossuary)
  4 hobgoblin skeletons (Ossuary)
  3 hobgoblin zombies (Ossuary)
  16 kobolds
  A kobold skeleton (Ossuary)
  3 kobold zombies (Ossuary)
  A leopard gecko skeleton (D:5)
  2 orc skeletons (Ossuary)
  2 orc zombies (Ossuary)
  2 quokka skeletons (D:5)
  2 quokka zombies
  9 rats
  2 rat skeletons (Ossuary)
  2 rat zombies (Ossuary)
  A bush (Lair:3)
  32 fungi
  20 plants
931 creatures vanquished.

Vanquished Creatures (others)
  A naga ritualist (Snake:2)
  A black mamba (Snake:1)
  A polar bear (IceCv)
  A white imp (Lair:4)
  A gnoll zombie (Ossuary)
  3 goblin skeletons (Ossuary)
  2 goblin zombies (Ossuary)
  A hobgoblin skeleton (Ossuary)
  3 hobgoblin zombies (Ossuary)
  2 kobold skeletons (Ossuary)
  A kobold zombie (Ossuary)
  2 orc skeletons (Ossuary)
  An orc zombie (Ossuary)
  2 rat skeletons (Ossuary)
  A rat zombie (Ossuary)
  7 fungi
  9 plants
  A withered plant (D:6)
40 creatures vanquished.

Grand Total: 971 creatures vanquished

Notes
Turn   | Place    | Note
-------+----------+-------------------------------------------
     0 | D:1      | Ponchio the Gargoyle Fighter began the quest for the Orb.
     0 | D:1      | Reached XP level 1. HP: 14/14 MP: 1/1
   419 | D:1      | Reached XP level 2. HP: 20/20 MP: 2/2
   922 | D:2      | Reached skill level 4 in Fighting
   922 | D:2      | Reached XP level 3. HP: 18/24 MP: 3/3
  1319 | D:2      | Found a bloodstained altar of Trog.
  1441 | D:3      | Found a bloodstained altar of Trog.
  1636 | D:3      | Reached XP level 4. HP: 30/30 MP: 4/4
  1868 | D:3      | Reached skill level 5 in Fighting
  1891 | D:3      | Reached XP level 5. HP: 25/35 MP: 5/5
  2561 | D:4      | Found a runed door.
  2781 | D:4      | Noticed Crazy Yiuf
  2783 | D:4      | Killed Crazy Yiuf
  2783 | D:4      | Reached XP level 6. HP: 40/40 MP: 6/6
  2841 | D:5      | Entered Level 5 of the Dungeon
  2848 | D:5      | Found a shimmering altar of Xom.
  2849 | D:5      | Found a shimmering altar of Xom.
  2875 | D:5      | Found a shimmering altar of Xom.
  2876 | D:5      | Found a shimmering altar of Xom.
  2876 | D:5      | Found a shimmering altar of Xom.
  3025 | D:5      | Reached skill level 6 in Fighting
  3064 | D:5      | Reached skill level 5 in Maces & Flails
  3093 | D:5      | Reached XP level 7. HP: 38/47 MP: 7/7
  3101 | D:5      | Noticed Peloso's ghost (novice MiFi)
  3110 | D:5      | Killed Peloso's ghost
  3110 | D:5      | Reached skill level 7 in Fighting
  3118 | D:5      | Found a staircase to the Ecumenical Temple.
  3131 | Temple   | Entered the Ecumenical Temple
  3195 | Temple   | Became a worshipper of Qazlal Stormbringer
  3427 | D:5      | Noticed a troll
  3437 | D:5      | Killed a troll
  3437 | D:5      | Reached skill level 8 in Fighting
  3437 | D:5      | Reached XP level 8. HP: 45/54 MP: 8/8
  3547 | D:5      | Noticed Eustachio
  3558 | D:5      | Killed Eustachio
  3819 | D:5      | Found a deep blue altar of Sif Muna.
  4262 | D:6      | Reached skill level 9 in Fighting
  4579 | D:6      | Reached XP level 9. HP: 21/61 MP: 9/9
  5029 | D:6      | Found an ancient bone altar of Kikubaaqudgha.
  5195 | D:6      | Found a bloodstained altar of Trog.
  5212 | D:6      | Reached * piety under Qazlal
  5308 | D:6      | Found a deep blue altar of Sif Muna.
  5509 | D:7      | Noticed dittoslash's ghost (novice GrMo)
  5644 | D:7      | Found Aruzid's Assorted Antiques.
  5742 | D:7      | Reached skill level 10 in Fighting
  5745 | D:7      | Found a sand-covered staircase.
  5753 | Ossuary  | Entered an ossuary
  6068 | Ossuary  | Reached ** piety under Qazlal
  6135 | Ossuary  | Noticed Menkaure
  6143 | Ossuary  | Killed Menkaure
  6228 | D:7      | Reached skill level 1 in Dodging
  6358 | D:7      | Reached skill level 1 in Spellcasting
  6491 | D:7      | Killed dittoslash's ghost
  6715 | D:7      | Learned a level 3 spell: Regeneration
  6782 | D:7      | Found a burning altar of Makhleb.
  6888 | D:8      | Reached skill level 1 in Charms
  6897 | D:8      | Reached skill level 1 in Necromancy
  7012 | D:8      | Reached XP level 10. HP: 68/68 MP: 16/16
  7368 | D:8      | Reached skill level 5 in Armour
  7523 | D:8      | Noticed Psyche
  7526 | D:8      | Killed Psyche
  7735 | D:8      | Found a snail-covered altar of Cheibriados.
  7750 | D:8      | Reached *** piety under Qazlal
  8033 | D:9      | Reached XP level 11. HP: 61/72 MP: 17/17
  8104 | D:9      | Noticed Erica
  8167 | D:9      | Killed Erica
  8189 | D:9      | Found a staircase to the Lair.
  8240 | D:9      | Found a staircase to the Orcish Mines.
  8279 | D:9      | Gained mutation: You occasionally shout uncontrollably at your foes. [mutagenic meat]
  8280 | D:9      | Gained mutation: Your body sometimes deteriorates upon taking damage. [mutagenic meat]
  8281 | D:9      | Gained mutation: You expend magic power (3 MP) to strengthen your wands. [mutagenic meat]
  8282 | D:9      | Lost mutation: You occasionally shout uncontrollably at your foes. [potion of cure mutation]
  8282 | D:9      | Lost mutation: You expend magic power (3 MP) to strengthen your wands. [potion of cure mutation]
  8282 | D:9      | Lost mutation: Your body sometimes deteriorates upon taking damage. [potion of cure mutation]
  8303 | D:9      | Noticed Joseph
  8318 | D:9      | Killed Joseph
  8318 | D:9      | Reached skill level 5 in Dodging
  8390 | D:9      | Reached **** piety under Qazlal
  9135 | Lair:1   | Entered Level 1 of the Lair of Beasts
  9161 | Lair:1   | Noticed a six-headed hydra
  9172 | Lair:1   | Killed a six-headed hydra
 10079 | Lair:2   | Reached XP level 12. HP: 58/77 MP: 18/18
 10266 | Lair:2   | Got a crude ring mail
 10277 | Lair:2   | Identified the +1 ring mail "Mynukoac" {Str+3 Dex+3} (You found it on level 2 of the Lair of Beasts)
 10294 | Lair:2   | Noticed Gastronok
 10337 | Lair:2   | Killed Gastronok
 10358 | Lair:2   | Reached ***** piety under Qazlal
 10358 | Lair:2   | Reached skill level 10 in Dodging
 10488 | Lair:2   | Found a staircase to the Shoals.
 10835 | Lair:2   | Reached skill level 5 in Shields
 11220 | Lair:2   | Reached skill level 11 in Fighting
 11261 | Lair:2   | You fall through a shaft for 2 floors!
 11283 | Lair:4   | Reached XP level 13. HP: 66/84 MP: 19/19
 11343 | Lair:4   | Found a frozen archway.
 11357 | Lair:4   | Noticed Snorg
 11360 | IceCv    | Entered an ice cave
 11599 | IceCv    | Reached skill level 10 in Maces & Flails
 12079 | IceCv    | Reached skill level 12 in Fighting
 12165 | IceCv    | Noticed a frost giant
 12189 | IceCv    | Killed a frost giant
 12558 | Lair:3   | Reached ****** piety under Qazlal
 13494 | Lair:4   | Found a staircase to the Snake Pit.
 13554 | Lair:4   | Gained mutation: Your large and strong wings let you fly indefinitely. [Gargoyle growth]
 13554 | Lair:4   | Reached XP level 14. HP: 45/92 MP: 20/20
 13955 | Lair:4   | Killed Snorg
 14023 | Lair:4   | Reached skill level 13 in Fighting
 14906 | Lair:5   | Found a sparkling altar of Nemelex Xobeh.
 15064 | Lair:5   | Reached skill level 10 in Shields
 15553 | Lair:6   | Entered Level 6 of the Lair of Beasts
 16263 | Lair:6   | Reached XP level 15. HP: 80/100 MP: 21/21
 16266 | Lair:6   | Reached skill level 14 in Fighting
 17444 | Lair:6   | Found a staircase to the Slime Pits.
 17726 | Orc:1    | Entered Level 1 of the Orcish Mines
 17732 | Orc:1    | Noticed an orc warlord
 17801 | D:9      | Killed an orc warlord
 17910 | D:9      | Gained mutation: You are resistant to hostile enchantments. (MR+) [potion of beneficial mutation]
 17911 | D:9      | Gained mutation: Your spells are a little harder to cast, but a little more powerful. [potion of beneficial mutation]
 17974 | Orc:1    | Found Ockithrugiwk's Antique Armour Shoppe.
 17992 | Orc:1    | Bought a spiked ring mail for 198 gold pieces
 17992 | Orc:1    | Bought an encrusted leather armour for 154 gold pieces
 17992 | Orc:1    | Bought an embroidered cloak for 231 gold pieces
 18012 | Orc:1    | Identified the +0 ring mail of Perfidy {rC+} (You bought it in a shop on level 1 of the Orcish Mines)
 18022 | Orc:1    | Identified the +1 leather armour of Depression {+Inv MR++ rCorr Int-4} (You bought it in a shop on level 1 of the Orcish Mines)
 18275 | Orc:2    | Entered Level 2 of the Orcish Mines
 18275 | Orc:2    | Found a staircase to the Elven Halls.
 18305 | Orc:2    | Reached skill level 1 in Long Blades
 18477 | Orc:2    | Found a roughly hewn altar of Beogh.
 18523 | Orc:2    | Found a roughly hewn altar of Beogh.
 18688 | Orc:2    | Noticed an orc warlord
 19324 | Orc:1    | Killed an orc warlord
 19703 | Orc:2    | Found Duamip's Antique Armour Shoppe.
 19704 | Orc:2    | Found a roughly hewn altar of Beogh.
 19707 | Orc:2    | Found Dukem's Antique Weapon Emporium.
 19726 | Orc:2    | Bought a translucent cloak for 304 gold pieces
 19726 | Orc:2    | Bought a crude scale mail for 288 gold pieces
 19726 | Orc:2    | Bought a pair of polished gloves for 304 gold pieces
 19739 | Orc:2    | Identified the +0 cloak "Heog" {rCorr Str+2 Int+4} (You bought it in a shop on level 2 of the Orcish Mines)
 19759 | Orc:2    | Identified the +2 pair of gloves "Hagetosk" {*Corrode rElec rF+ Dex+5} (You bought it in a shop on level 2 of the Orcish Mines)
 19775 | Orc:2    | Identified the +4 scale mail of Ites {MR++ Dex+4 SInv} (You bought it in a shop on level 2 of the Orcish Mines)
 19969 | Orc:2    | Found a roughly hewn altar of Beogh.
 19973 | Orc:2    | Found Puceont's Assorted Antiques.
 20129 | Orc:2    | Found a roughly hewn altar of Beogh.
 20140 | Orc:2    | Found Ratoc's General Store.
 20414 | Orc:1    | Reached skill level 5 in Long Blades
 20480 | Elf:1    | Entered Level 1 of the Elven Halls
 20813 | Elf:1    | Reached XP level 16. HP: 25/107 MP: 22/22
 21270 | Snake:1  | Entered Level 1 of the Snake Pit
 21618 | Snake:1  | Found an ancient bone altar of Kikubaaqudgha.
 22357 | Snake:2  | Reached skill level 10 in Long Blades
 23098 | Snake:2  | Noticed Vashnia
 23649 | Snake:2  | Killed Vashnia
 24140 | Snake:3  | Noticed Aizul
 24143 | Snake:3  | Noticed Azrael
 24163 | Snake:3  | Noticed Jorgrun
 24163 | Snake:3  | HP: 2/107 [shock serpent/electric aura (11)]
 24165 | Snake:3  | Killed from afar by a shock serpent

Skill      XL: |  1  2  3  4  5  6  7  8  9 10 11 12 13 14 15 16 |
---------------+-------------------------------------------------+-----
Fighting       | 4 5 6 8 9 10 11 12 13 14 | 14.6
Maces & Flails | 3 4 5 6 8 9 11 12 | 12.9
Dodging        | 1 2 8 10 11 | 11.5
Spellcasting   | 4 |  4.5
Charms         | 1 2 |  2.9
Necromancy     | 1 2 |  2.6
Armour         | 9 |  9.3
Shields        | 5 8 10 11 | 11.8
Long Blades    | 8 11 | 11.8

Action                   |  1- 3 |  4- 6 |  7- 9 | 10-12 | 13-15 | 16-18 || total
-------------------------+-------+-------+-------+-------+-------+-------++-------
Melee: Flail             |    37 |       |       |       |       |       ||    37
       Whip              |    64 |   140 |   606 |   871 |  1494 |    39 ||  3214
       Long sword        |       |       |       |       |   643 |   672 ||  1315
 Abil: Fly               |       |       |       |       |     1 |       ||     1
Evoke: Wand              |       |       |       |       |     1 |     2 ||     3
  Use: Scroll            |       |    10 |    10 |     5 |    14 |     3 ||    42
       Potion            |       |       |     5 |     3 |     9 |     8 ||    25
  Eat: Chunk             |     2 |     5 |    10 |    17 |    23 |     4 ||    61
       Pizza             |       |       |     1 |       |     1 |       ||     2
       Royal jelly       |       |       |     1 |     1 |       |     4 ||     6
       Beef jerky        |       |       |       |       |     6 |       ||     6
       Fruit             |       |       |       |       |     5 |     7 ||    12
Armor: Scale mail        |    61 |    72 |   309 |   223 |       |       ||   665
       Ring mail         |       |       |       |    84 |   337 |       ||   421
       Leather armour    |       |       |       |       |   193 |   150 ||   343
Dodge: Dodged            |    26 |    46 |   154 |   286 |   855 |   360 ||  1727
       Deflected         |       |       |       |     2 |    27 |    65 ||    94
Block: Shield            |    46 |    72 |   373 |   648 |  2199 |   871 ||  4209
       Rpst.: Long sword |       |       |       |       |    85 |    68 ||   153
